 Dungeon Crawl Stone Soup version 0.30.0-29-ga12c61a403 (webtiles) character file.

Game seed: 15645885307550981613

46 FishyPogo the Grave Robber (level 3, -2/18 HPs)
             Began as a Vine Stalker Necromancer on June 4, 2023.
             Slain by an orc wizard
             ... wielding a +0 dagger
              (3 damage)
             ... on level 2 of the Dungeon.
             The game lasted 00:04:38 (1387 turns).

FishyPogo the Grave Robber (VSNe)                   Turns: 1387, Time: 00:04:38

Health: -2/18      AC:  2    Str: 10    XL:     3   Next: 66%
Magic:  0/8        EV: 12    Int: 17    God:
Gold:   32         SH:  0    Dex: 14    Spells: 3/7 levels left

rFire   . . .        f - +0 short sword
rCold   . . .        (no shield)
rNeg    . . .        a - +0 robe
rPois   .            (no helmet)
rElec   .            (no cloak)
rCorr   .            (no gloves)
SInv    .            (no boots)
Will    .....        (no amulet)
Stlth   +            (no ring)
HPRegen 0.23/turn    (no ring)
MPRegen 0.11/turn

%: guardian spirit
@: confused
A: fangs 2, magic shield, antimagic bite, no potion heal 2
a: no special abilities


You were on level 2 of the Dungeon.
You visited 1 branch of the dungeon, and saw 2 of its levels.

You collected 32 gold pieces.

Inventory:

Hand Weapons
 f - a +0 short sword (weapon)
Missiles
 l - 10 stones
Armour
 a - a +0 robe (worn)
Scrolls
 h - a scroll of vulnerability {unknown}
 j - 2 scrolls of teleportation {unknown}
 k - a scroll of identify {unknown}
 m - a scroll of enchant armour {unknown}
Potions
 b - a potion of magic
 c - a potion of curing {unknown}
 d - a potion of might {unknown}
 e - a potion of flight {unknown}
 g - 2 potions of heal wounds {unknown}
 i - 3 potions of degeneration {unknown}
 n - a potion of cancellation {unknown}
 o - a potion of lignification {unknown}


   Skills:
 + Level 1.1 Fighting
 - Level 1.5 Dodging
 + Level 3.1 Stealth
 + Level 2.7 Spellcasting
 + Level 4.2 Necromancy
 + Level 0.8 Earth Magic


You had 3 spell levels left.
You knew the following spells:

 Your Spells              Type           Power      Damage    Failure   Level
a - Necrotise             Necr           64%        1d7       3%          1
b - Vampiric Draining     Necr           16%        2d7       10%         3

Your spell library contained the following spells:

 Spells                   Type           Power      Damage    Failure   Level
 Sandblast                Erth           10%        2d5       13%         1
 Passwall                 Tmut/Erth      2%         N/A       22%         2
 Stone Arrow              Conj/Erth      6%         3d7       41%         3
 Tukima's Dance           Hex            2%         N/A       47%         3
 Animate Dead             Necr           16%        N/A       30%         4
 Agony                    Necr           16%        N/A       65%         5
 Passage of Golubria      Tloc           2%         N/A       87%         4
 Yara's Violent Unravell  Hex/Tmut       1%         3d3       99%         5


Dungeon Overview and Level Annotations

Branches:
Dungeon (2/15)

Altars:

Shops:
D:1 *(


Innate Abilities, Weirdness & Mutations

You have extremely sharp teeth.
When hurt, damage is shared between your health and your magic reserves.
Your bite disrupts and absorbs the magic of your enemies.
Potions cannot restore your health.


Message History

Your orc skeleton barely misses something.
Casting: Necrotise (safe; 3% risk of failure)
Confirm with . or Enter, or press ? or * to list all spells.
Aiming: Necrotise (safe; 3% risk of failure)
Press: ? - help, Shift-Dir - straight line, f/p - adder
Aim: an adder (severely wounded, chance to affect: 80%)
The adder writhes in agony.
You kill the adder!
The dead are slithering!
Your orc skeleton hits the orc but does no damage.
Your adder skeleton closely misses something.
Something hits you but does no damage.
Your orc skeleton closely misses something.
Something hits you.
Your orc skeleton closely misses something.
Something hits your adder skeleton. Something hits you.
Your orc skeleton hits something but does no damage.
You hit something.
You hear some strange, mumbled words.
You are confused.
Are you sure you want to stumble around while confused and next to your adder skeleton?
You bump into the rock wall.
Your orc skeleton misses something.
You hear some strange, mumbled words.
A magic dart appears from out of thin air!
The magic dart hits you!
Ouch! That really hurt!
* * * LOW HITPOINT WARNING * * *
Are you sure you want to stumble around while confused and next to your adder skeleton?
You bump into the rock wall.
Your orc skeleton completely misses something.
Something closely misses your adder skeleton.
Are you sure you want to stumble around while confused and next to your adder skeleton?
You bump into the rock wall.
Your orc skeleton hits something.
Something hits you.
Are you sure you want to stumble around while confused and next to your adder skeleton?
You hit your adder skeleton. Your bite misses the adder skeleton.
The adder skeleton is heavily damaged.
The adder skeleton closely misses you. Something hits you.
You die...

.# ##.## .... ####..# .
##.##..#### ...
#......... .#
.....##Z##..##....
#..)o{Z........ .#.
#....#@.###.##. .....
#.#.###.## #...# #..##
##.# #...# #.#.###.##
#...# #....#..#
###...#####.......#
......>......##...####.
................#......
.............#....####.


You could see an orc, an adder skeleton and a friendly orc skeleton.

Vanquished Creatures
  2 adders (D:2)
  A dart slug (D:1)
  An orc (D:2)
  3 ball pythons
  4 endoplasms
  A giant cockroach (D:1)
  A hobgoblin (D:1)
  5 bats
  2 frilled lizards
  3 kobolds (D:1)
  A rat (D:1)
24 creatures vanquished.

Vanquished Creatures (collateral kills)
  A bat (D:1)
  A rat (D:1)
2 creatures vanquished.

Grand Total: 26 creatures vanquished

Notes
Turn   | Place    | Note
-------+----------+-------------------------------------------
     0 | D:1      | FishyPogo the Vine Stalker Necromancer began the quest for
                  | the Orb.
     0 | D:1      | Reached XP level 1. HP: 9/9 MP: 4/4
   214 | D:1      | Reached XP level 2. HP: 14/14 MP: 4/6
   378 | D:1      | Found Ketous's Assorted Antiques.
   502 | D:1      | Found Gaymom's Weapon Shoppe.
  1212 | D:2      | Reached skill level 1 in Fighting
  1212 | D:2      | Reached XP level 3. HP: 16/18 MP: 1/7
  1290 | D:2      | Learned a level 3 spell: Vampiric Draining
  1387 | D:2      | Slain by an orc wizard

Illustrated notes

Levels and vault maps discovered:
D:1:      arrival_zaba_pyramid, layout_basic, serial_shops, shop,
          nicolae_shop_hallway_stairs, minmay_tromino_v2
D:2:      layout_loops_cross

Skill      XL: |  1  2 |
---------------+-------+-----
Stealth        | 3 |  3.1
Fighting       | 1 |  1.1
Dodging        | |  1.5
Spellcasting   | |  2.7
Necromancy     | |  4.2
Earth Magic    | |  0.8

Action                     || total
---------------------------++-------
  Melee: Unarmed           ||     2
         Bite              ||     2
         Short sword       ||     8
   Cast: Necrotise         ||    48
 Armour: Robe              ||     8
  Dodge: Dodged            ||    16
